AoeStats
← crypto_zhupel

Enclosed

506075078Analyzed
1v1 RM · 19d ago on Sep 12, 2026· 33m 48s· 2 players
Game mode
Random Map
Map size
Tiny (2 player)
Population
200
Speed
Normal
Resources
Standard
Victory
Conquest
Starting age
Dark Age
Ending age
Imperial Age
RankedLock teamsTeams togetherTeam positionsShared explorationLock speedFull tech treeHidden civsTurbo modeCheats
Victory
Defeat
🇷🇺 Slavs · Russia
1318
+15
🇩🇪 Wu · Germany
1294
-15
XstyleKinjaz
6:40 Loom
9:23 Feudal Age
10:06 Double-Bit Axe
15:12 Fletching
15:40 Town Watch
16:14 Padded Archer Armor
22:25 Gold Mining
26:25 Castle Age
25:32 Scale Mail Armor
26:27 Crossbowman
28:50 Pikeman
30:23 Squires
31:59 Bow Saw
31:43 Horse Collar
32:57 Wheelbarrow
crypto_zhupel
7:23 Loom
10:03 Feudal Age
10:39 Man-at-Arms
11:15 Double-Bit Axe
15:43 Horse Collar
16:20 Fletching
18:39 Scale Mail Armor
18:47 Padded Archer Armor
22:23 Castle Age
23:23 Bow Saw
23:22 Scale Barding Armor
23:20 Heavy Plow
25:49 Husbandry
30:15 Wheelbarrow
29:26 Town Watch
30:58 Gold Mining
33:19 Forging
Connection lost

Rejoining the realm…

Still unreachable

The connection could not be restored.

Session expired

The server has moved on; the page needs a fresh start.